 Dungeon Crawl Stone Soup version 0.27-a0-1119-gbf574a6a6b (webtiles) character file.

Game seed: 13032330181674849986

26 Zeld the Skirmisher (level 3, -6/26 HPs)
             Began as an Octopode Fighter on May 3, 2021.
             Mangled by an ogre
             ... wielding a +0 giant club
              (19 damage)
             ... on level 3 of the Dungeon.
             The game lasted 00:01:31 (722 turns).

Zeld the Skirmisher (Octopode Fighter)               Turns: 722, Time: 00:01:32

Health: -6/26      AC:  1    Str: 16    XL:     3   Next: 8%
Magic:  3/3        EV: 11    Int: 10    God:
Gold:   78         SH:  9    Dex: 11    Spells: 2/2 levels left

rFire    . . .     SeeInvis .   a - +0 war axe
rCold    . . .     Faith    .   b - +0 kite shield
rNeg     . . .     Spirit   .   (helmet restricted)
rPois    .         Reflect  .   (no amulet)
rElec    .         Harm     .   (no ring)
rCorr    .         Rampage  .   (no ring)
Will     .....                  (no ring)
Stlth    ++........             (no ring)
HPRegen  0.08/turn              (no ring)
MPRegen  0.08/turn              (no ring)
                                (no ring)
                                (no ring)

@: mighty
A: almost no armour, amphibious, 8 rings, camouflage 1, gelatinous body 1,
(nimble swimmer 1), tentacles
a: no special abilities


You were on level 3 of the Dungeon.
You visited 1 branch of the dungeon, and saw 3 of its levels.

You collected 78 gold pieces.

Inventory:

Hand Weapons
 a - a +0 war axe (weapon)
Armour
 b - a +0 kite shield (worn)
Scrolls
 d - a scroll of fog {unknown}
 e - a scroll of enchant weapon {unknown}
 f - a scroll of teleportation {unknown}
 h - a scroll of amnesia {unknown}
Potions
 g - a potion of resistance {unknown}


   Skills:
 * Level 3.4 Fighting
 * Level 2.5 Axes
 - Level 3.0 Dodging
 * Level 3.4 Shields


You had 2 spell levels left.
You didn't know any spells.
Your spell library was empty.

Dungeon Overview and Level Annotations

Branches:
Dungeon (3/15)

Altars:


Innate Abilities, Weirdness & Mutations

You cannot wear most types of armour.
You are amphibious.
You can wear up to eight rings at the same time.
Your skin changes colour to match your surroundings (Stealth+).
Your rubbery body absorbs attacks. (AC +1, EV +1)
((You are camouflaged near water. (Stealth+)))
You have tentacles for arms and can constrict up to eight enemies at once.


Message History

You see here a rat corpse.
You see here a scroll labelled NOSONEO JIRED.
You see here a rat corpse.
You see here a scroll labelled NOSONEO JIRED.
A bat is nearby!
Found a glowing grey potion.
You open the door.
Found a scroll labelled KIDIES UROLOSI.
There is an open door here.
h - a scroll labelled KIDIES UROLOSI You open the door.
A bat comes into view.
You hear the slow rusting of a very distant drain.
There is an open door here.
The helpless bat fails to defend itself.
You hit the bat.
You kill the bat!
No target in view!
There is an open door here.
You open the door.
There is an open door here.
Found 15 gold pieces.
You hear the slow rusting of a very distant drain.
You now have 78 gold pieces (gained 15).
Found a stone staircase leading down.
Found a trident.
There is a stone staircase leading down here.
You hear the rusting of a distant drain.
An ogre comes into view. It is wielding a +0 giant club.
You slash the ogre!
The ogre is heavily wounded.
The ogre hits you with a +0 giant club!
Ouch! That really hurt!
You feel very mighty all of a sudden. The ogre barely misses you.
You closely miss the ogre. You squeeze the ogre.
The ogre is severely wounded.
The ogre hits you with a +0 giant club!!
Ouch! That really hurt!
You die...

###...
.....#...###.#.#.#.#...#
#..######.##'####...........#
#..# ##.##...######.#######
#..# ......†...# #.#
.###.##...# #.# #.#...## #.#
#......# #.# #...#######.#
##@.........# #O##########
#.# #.# #.# #.# #.# #.# #.#


You could see an ogre.

Vanquished Creatures
  An adder (D:2)
  4 endoplasms
  A giant cockroach (D:1)
  2 goblins
  A hobgoblin (D:3)
  A ball python (D:2)
  2 bats
  2 frilled lizards (D:1)
  A kobold (D:2)
  3 rats
18 creatures vanquished.

Vanquished Creatures (others)
  A centaur (D:3)
  A ball python (D:3)
  An endoplasm (D:3)
  A bat (D:3)
  A frilled lizard (D:3)
  A rat (D:3)
6 creatures vanquished.

Grand Total: 24 creatures vanquished

Notes
Turn   | Place    | Note
-------+----------+-------------------------------------------
     0 | D:1      | Zeld the Octopode Fighter began the quest for the Orb.
     0 | D:1      | Reached XP level 1. HP: 16/16 MP: 1/1
   184 | D:1      | Reached XP level 2. HP: 21/21 MP: 2/2
   515 | D:2      | Reached XP level 3. HP: 25/26 MP: 3/3
   527 | D:2      | Found a faded altar of an unknown god.
   576 | D:3      | Killed a centaur
   717 | D:3      | Noticed an ogre
   722 | D:3      | Mangled by an ogre

Illustrated notes

Levels and vault maps discovered:
D:1:      dpeg_arrival_arbitrary_a, layout_basic
D:2:      layout_loops_ring, hellmonk_ecumenical_altar_arch_garden,
          kennysheep_generic_room_7
D:3:      layout_loops_corners, xom_confusion_cloud, ashenzari_altar_1,
          gup_sewer_entry_pipe, st_stairs_7

Action                   || total
-------------------------++-------
Melee: War axe           ||    26
       Constrict         ||     6
       Tentacles         ||     2
  Use: Potion            ||     1
 Stab: Sleeping          ||     4
Dodge: Dodged            ||     8
Block: Kite shield       ||     9

Table legend: (Time is in decaauts)
 A = Elapsed time spent in this place.
 B = Non-inter-level travel time spent in this place.
 C = Inter-level travel time spent in this place.
 D = Time resting spent in this place.
 E = Time spent auto-exploring this place.
 F = Levels seen in this place.
 G = Mean time per level.
                   A        B        C        D        E       F      G
               +--------+--------+--------+--------+--------+-----+--------+
         Total |    737 |    716 |     21 |      0 |    439 |   3 |  245.7 |
       Dungeon |    737 |    716 |     21 |      0 |    439 |   3 |  245.7 |
               +--------+--------+--------+--------+--------+-----+--------+

Top non-repeatable levels by time:
     D:1: 325 daAuts
     D:2: 254 daAuts
     D:3: 157 daAuts
